 Dungeon Crawl Stone Soup version 0.28.0-45-g0d030f2227 (webtiles) character file.

Game seed: 3722253569735324200

31 Zeld the Sneak (level 3, -1/26 HPs)
             Began as an Octopode Delver on Apr 12, 2022.
             Slain by an orc
             ... wielding a +0 hand axe
              (5 damage)
             ... on level 5 of the Dungeon.
             The game lasted 00:00:30 (40 turns).

Zeld the Sneak (Octopode Delver)                      Turns: 40, Time: 00:00:31

Health: -1/26      AC:  1    Str: 13    XL:     3   Next: 22%
Magic:  3/3        EV: 13    Int: 12    God:
Gold:   0          SH:  0    Dex: 13    Spells: 3/3 levels left

rFire   . . .      SeeInvis .     - Unarmed
rCold   . . .      Faith    .   (no shield)
rNeg    . . .      Spirit   .   (helmet restricted)
rPois   .          Reflect  .   (no amulet)
rElec   .          Harm     .   (no ring)
rCorr   .          Rampage  .   (no ring)
Will    .....                   (no ring)
Stlth   ++++......              (no ring)
HPRegen 0.08/turn               (no ring)
MPRegen 0.08/turn               (no ring)
                                (no ring)
                                (no ring)

@: no status effects
A: almost no armour, amphibious, 8 rings, camouflage 1, gelatinous body 1,
(nimble swimmer 1), tentacles
a: no special abilities


You were on level 5 of the Dungeon.
You visited 1 branch of the dungeon, and saw 1 of its levels.

Inventory:

Wands
 e - a wand of digging (3)
Scrolls
 a - a scroll of fog
 b - a scroll of magic mapping
 c - a scroll of fear
Potions
 d - a potion of haste


   Skills:
 + Level 3.1 Fighting
 - Level 2.0 Dodging
 + Level 6.7 Stealth
 * Level 2.4 Unarmed Combat
 + Level 0.6 Spellcasting
 * Level 1.2 Transmutations
 + Level 0.8 Evocations


You had 3 spell levels left.
You didn't know any spells.
Your spell library was empty.

Dungeon Overview and Level Annotations

Branches:
Dungeon (5/15)
 Temple: D:4-7

Altars:


Innate Abilities, Weirdness & Mutations

You cannot wear most types of armour.
You are amphibious.
You can wear up to eight rings at the same time.
Your skin changes colour to match your surroundings (Stealth+).
Your rubbery body absorbs attacks. (AC +1, EV +1)
((You are camouflaged when in or above water. (Stealth+)))
You have tentacles for arms and can constrict up to eight enemies at once.


Message History

You constrict the hound. The hound bites you. The orc barely misses you.
The hound closely misses you.
You tentacle-slap the hound but do no damage.
Your squeeze misses the hound.
The hound is lightly wounded.
You constrict the hound. The orc hits you with a +0 hand axe.
The hound bites you.
You tentacle-slap the hound. You squeeze the hound.
The hound is almost dead.
You constrict the hound. The hound closely misses you.
The orc closely misses you.
The orc wizard hits you with a +0 dagger.
The hound closely misses you.
Unknown command.
You tentacle-slap the hound but do no damage.
The hound is almost dead.
You constrict the hound. The hound barely misses you.
The orc wizard closely misses you.
Unknown command.
You tentacle-slap the hound.
You kill the hound!
The orc hits you with a +0 hand axe.
The orc wizard casts a spell.
The orc wizard flickers and vanishes!
Deactivating autopickup; reactivate with Ctrl-A.
Your Transmutations skill increases to level 1!
You have reached level 2!
You have reached level 3!
Your experience leads to an increase in your attributes!
Increase (S)trength, (I)ntelligence, or (D)exterity?
You feel stronger. x2
The orc throws a boomerang.
Something hits you.
* * * LOW HITPOINT WARNING * * *
You see here a hound corpse.
Found a scroll labelled FIOZUYCL AWIM.
There is an escape hatch in the ceiling here.
The adder bites you.
* * * LOW HITPOINT WARNING * * *
The orc hits you with a +0 hand axe.
You die...

#### #####
#...##...##
..........##
...........#
.......@...#
......So...#
..........##
#.?.....o##
####.##..#
#. ##.# #
#†## #####
#..## #....
##..####...#


You could see an adder and 2 orcs.

Vanquished Creatures
  A hound (D:5)
1 creature vanquished.

Notes
Turn   | Place    | Note
-------+----------+-------------------------------------------
     0 | D:5      | Zeld the Octopode Delver began the quest for the Orb.
     0 | D:5      | Reached XP level 1. HP: 16/16 MP: 1/1
     9 | D:5      | Noticed an iguana
    20 | D:5      | Noticed an orc wizard
    24 | D:5      | Noticed a hound
    32 | D:5      | Killed a hound
    33 | D:5      | Reached skill level 1 in Transmutations
    33 | D:5      | Reached XP level 2. HP: 7/21 MP: 2/2
    33 | D:5      | Reached XP level 3. HP: 9/26 MP: 3/3
    40 | D:5      | Slain by an orc

Illustrated notes

Levels and vault maps discovered:
D:5:      layout_rooms, minmay_temple_entry_hall, uniq_duvessa

Skill      XL: |  1 |
---------------+----+-----
Transmutations | 1 |  1.2
Fighting       | |  3.1
Dodging        | |  2.0
Stealth        | |  6.7
Unarmed Combat | |  2.4
Spellcasting   | |  0.6
Evocations     | |  0.8

Action                   || total
-------------------------++-------
Melee: Unarmed           ||     6
       Constrict         ||     1
       Tentacles         ||     1
Dodge: Dodged            ||    11
